 Seeded DCSS version 0.30.1-4-g462c640d31 (webtiles) character file.

Game seed: 5 (custom seed)

10948 Kazon the Fighter (level 11, 0/113 HPs)
             Began as an Ogre Gladiator on Sept 1, 2023.
             Was a High Priest of Okawaru.
             Slain by Snorg (14 damage)
             ... on level 10 of the Dungeon on Sept 5, 2023.
             The game lasted 01:05:46 (7377 turns).

Kazon the Fighter (Ogre Gladiator)                  Turns: 7377, Time: 01:05:48

Health: 0/113      AC:  8    Str: 20    XL:     11   Next: 70%
Magic:  0/16       EV: 11    Int:  9    God:    Okawaru [*****.]
Gold:   554        SH: 16    Dex: 20    Spells: 10/10 levels left

rFire   . . .        x - +7 broad axe of Butchery {venom, rPois rC- SInv Stlth+}
rCold   x . .        j - +0 tower shield
rNeg    . . .        b - +0 robe
rPois   +            c - +0 hat
rElec   .            S - +0 cloak
rCorr   .            (gloves unavailable)
SInv    +            (boots unavailable)
Will    +....        D - amulet of guardian spirit
Stlth   ++++         N - +4 ring of protection
HPRegen 0.38/turn    z - +6 ring of dexterity
MPRegen 0.15/turn

%: guardian spirit
@: no status effects
A: large, unfitting armour, tough skin 1
a: Renounce Religion, Heroism, Finesse, Duel


You were on level 10 of the Dungeon.
You worshipped Okawaru.
Okawaru was extremely pleased with you.
You visited 2 branches of the dungeon, and saw 11 of its levels.
You also visited: Ossuary.

You collected 696 gold pieces.
You spent 142 gold pieces at shops.

Inventory:

Hand Weapons
 a - a +0 war axe
 f - a +1 hand axe of flaming
 h - a +0 whip of holy wrath
 v - a +0 vampiric war axe
 x - the +7 broad axe of Butchery (weapon) {venom, rPois rC- SInv Stlth+}
   (You acquired it on level 1 of the Dungeon)

   rC:        It makes you vulnerable to cold.
   rPois:     It protects you from poison.
   SInv:      It lets you see invisible.
   Stlth:     It makes you more stealthy.
Missiles
 d - 5 throwing nets
 e - a large rock
 k - 13 boomerangs (quivered)
 u - 11 poisoned darts
 O - 2 javelins
 V - a silver javelin
Armour
 b - a +0 robe (worn)
 c - a +0 hat (worn)
 j - a +0 tower shield (worn)
 S - a +0 cloak (worn)
Jewellery
 r - a ring of magical power
 z - a +6 ring of dexterity (right hand)
 D - an amulet of guardian spirit (around neck)
 N - a +4 ring of protection (left hand)
Wands
 g - a wand of light (6)
 w - a wand of paralysis (3)
 Q - a wand of digging (7)
 R - a wand of polymorph (4)
 U - a wand of flame (7)
Scrolls
 i - 5 scrolls of identify
 m - 2 scrolls of blinking {unknown}
 n - a scroll of teleportation
 o - 2 scrolls of magic mapping {unknown}
 y - a scroll of torment {unknown}
 F - a scroll of poison {unknown}
 G - 2 scrolls of enchant armour {unknown}
 H - 2 scrolls of fog {unknown}
 K - 2 scrolls of fear {unknown}
 L - a scroll of enchant weapon {unknown}
 T - a scroll of amnesia {unknown}
Potions
 l - 6 potions of curing {unknown}
 p - a potion of cancellation {unknown}
 q - a potion of resistance {unknown}
 s - 2 potions of berserk rage {unknown}
 t - 2 potions of invisibility {unknown}
 A - 6 potions of heal wounds {unknown}
 B - 4 potions of flight {unknown}
 C - a potion of lignification
 E - 4 potions of attraction {unknown}
 I - a potion of haste
 J - 3 potions of brilliance {unknown}
 M - a potion of magic
 P - a potion of ambrosia {unknown}


   Skills:
 * Level 8.9 Fighting
 + Level 8.3(8.4) Axes
 + Level 1.4(4.9) Maces & Flails
 * Level 7.1 Throwing
 * Level 6.3 Dodging
 + Level 2.9 Stealth
 * Level 7.1 Shields
 * Level 6.7 Invocations
 * Level 5.0 Evocations


You had 10 spell levels left.
You didn't know any spells.
Your spell library contained the following spells:

 Spells                   Type           Power      Damage    Failure   Level
 Frozen Ramparts          Ice            0%         1d1       100%        3
 Ignite Poison            Fire/Tmut/Pois 0%         N/A       100%        3
 Ice Form                 Ice/Tmut       0%         N/A       100%        4
 Sticky Flame             Conj/Fire      0%         2d3       100%        4
 Alistair's Intoxication  Tmut/Pois      0%         N/A       100%        5
 Borgnjor's Vile Clutch   Necr/Erth      0%         N/A       100%        5
 Eringya's Noxious Bog    Tmut/Pois      0%         N/A       100%        6
 Ignition                 Fire           0%         3d3       100%        8
 Summon Ice Beast         Ice/Summ       Unusable   N/A       N/A         4
 Summon Forest            Summ/Tloc      Unusable   N/A       N/A         5
 Summon Hydra             Summ           Unusable   N/A       N/A         7

Dungeon Overview and Level Annotations

Branches:
Dungeon (10/15)            Temple (1/1) D:4            Lair (0/5) D:8
Ossuary (visited)
    Orc: D:9-12

Altars:
Dithmenos
Fedhas
Gozag
Hepliaklqana
Okawaru
Qazlal
Trog
Uskayaw
Wu Jian
Xom
The Shining One

Shops:
D:8 *

Annotations:
D:10 Snorg


Innate Abilities, Weirdness & Mutations

You are too large for most types of armour.
You have tough skin. (AC +1)


Message History

You slice Snorg!!
You feel better.
Snorg is heavily wounded.
Snorg barely misses you. Snorg claws you but does no damage.
Snorg completely misses you.
You block Snorg's attack. x2; Snorg claws you!
You strike the helpless Snorg from behind!
You slash Snorg!
You feel better.
Snorg is heavily wounded.
You block Snorg's attack. Snorg barely misses you. x2
You strike the helpless Snorg from behind!
You slash Snorg!
Snorg is severely wounded.
Snorg misses you. Snorg claws you but does no damage. You block Snorg's attack.
You barely miss Snorg.
Snorg is severely wounded.
Snorg is no longer blind.
Snorg goes berserk!
Snorg barely misses you. Snorg claws you! You block Snorg's attack.
You slash Snorg!
You feel better.
Snorg is severely wounded.
You block Snorg's attack. x2; Snorg barely misses you.
Snorg bites you!! You block Snorg's attack. Snorg claws you.
You barely miss Snorg.
Snorg is severely wounded.
Snorg completely misses you. Snorg misses you. You block Snorg's attack. x3
Snorg claws you.
You feel the dreadful sensation subside.
The +7 broad axe of Butchery {venom, rPois rC- SInv Stlth+} begins to drip with poison!
x - the +7 broad axe of Butchery (weapon)
{venom, rPois rC- SInv Stlth+} Snorg bites you.
Snorg claws you! Snorg closely misses you.
You slash Snorg!
Snorg is poisoned.
Snorg is severely wounded.
Snorg barely misses you. Snorg claws you! Snorg claws you but does no damage.
You block Snorg's attack. Snorg closely misses you. You block Snorg's attack.
You slash Snorg!
Snorg is almost dead.
Snorg bites you!!
* * * LOW HITPOINT WARNING * * *
You block Snorg's attack. Snorg claws you!
* * * LOW HITPOINT WARNING * * *
Snorg bites you!
You die...

......... .....
......... ....#
......... ....#
......... #####...#
..######..#...#...# ..#
#..#...#...# ..#
#..#...#...###### ..#
#..###'#......... ..#
#........@....... ..#
#.........T...... ..#
#................
..######................
................###.....
..<........###### .....
...........# ....
...........# .###
...........#


You could see Snorg (berserk, very poisoned).

Vanquished Creatures
  2 two-headed ogres
  Maurice (D:9)
  An unseen horror (D:10)
  2 komodo dragons (D:10)
  2 polar bears (D:8)
  A hornet (D:9)
  3 shadows
  Sigmund (D:4)
  3 vampires
  A wyvern (D:8)
  A yak (D:8)
  3 basilisks (D:8)
  A steam dragon (D:8)
  2 vampire mosquitoes (D:10)
  5 water moccasins (D:8)
  Duvessa (D:6)
  An ice beast (D:8)
  An orc warrior (D:9)
  A sky beast (D:7)
  5 black bears
  3 wolves (D:8)
  5 centaurs
  2 ogres
  An elf zombie (Ossuary)
  2 kobold brigands
  A bullfrog (D:8)
  A gnoll sergeant (D:8)
  3 scorpions
  23 wights
  8 killer bees
  Dowan (D:6)
  4 howler monkeys
  A vampire bat (D:7)
  An electric eel (D:8)
  6 hounds
  A wyvern simulacrum (D:8)
  A centaur zombie (Ossuary)
  5 orc priests
  3 human zombies (Ossuary)
  A jelly (D:5)
  6 iguanas
  9 orc wizards
  4 ogre zombies (Ossuary)
  A centaur simulacrum (D:8)
  7 mummies (Ossuary)
  11 gnolls
  9 adders
  A shadow imp (D:8)
  A white imp (D:7)
  2 ufetubi
  A worm zombie (D:7)
  2 adder zombies (Ossuary)
  3 worms
  24 orcs
  12 bats
  9 endoplasms
  A giant cockroach (D:1)
  12 goblins
  7 hobgoblins
  11 jackals
  15 kobolds
  3 quokkas (D:4)
  6 ball pythons
  3 frilled lizards
  4 goblin zombies (Ossuary)
  6 hobgoblin zombies
  3 kobold zombies
  4 quokka zombies (Ossuary)
  4 rats
  4 rat zombies (Ossuary)
296 creatures vanquished.

Notes
Turn   | Place    | Note
-------+----------+-------------------------------------------
     0 | D:1      | Kazon the Ogre Gladiator began the quest for the Orb.
     0 | D:1      | Reached XP level 1. HP: 22/22 MP: 1/1
    36 | D:1      | Identified a scroll of acquirement
    36 | D:1      | Acquired the +7 broad axe of Butchery {venom, rPois rC-
                  | SInv Stlth+}
    54 | D:1      | Reached XP level 2. HP: 29/29 MP: 2/2
   285 | D:1      | Reached XP level 3. HP: 35/37 MP: 3/3
   988 | D:2      | Reached XP level 4. HP: 40/45 MP: 4/4
  1576 | D:3      | Found a blossoming altar of Fedhas.
  1597 | D:3      | Reached XP level 5. HP: 53/54 MP: 5/5
  1745 | D:3      | Found a stormy altar of Qazlal.
  1867 | D:3      | Found a faded altar of an unknown god.
  1976 | D:3      | Identified the +2 sling "Qeuhanocyt" {speed, rElec Str-3
                  | Dex+2}
  2017 | D:4      | Found a staircase to the Ecumenical Temple.
  2025 | Temple   | Entered the Ecumenical Temple
  2039 | Temple   | Became a worshipper of Warmaster Okawaru
  2091 | D:4      | Noticed a black bear
  2108 | D:4      | Killed a black bear
  2109 | D:4      | Reached skill level 1 in Shields
  2116 | D:4      | Found a hazy altar of Hepliaklqana.
  2138 | D:4      | Found a shadowy altar of Dithmenos.
  2138 | D:4      | Noticed a shadow
  2182 | D:4      | Reached skill level 1 in Invocations
  2182 | D:4      | Reached XP level 6. HP: 43/62 MP: 6/6
  2342 | D:4      | Noticed Sigmund
  2348 | D:4      | Killed Sigmund
  2348 | D:4      | Reached * piety under Okawaru
  2349 | D:4      | Reached skill level 1 in Stealth
  2349 | D:4      | Reached XP level 7. HP: 57/71 MP: 8/8
  2647 | D:4      | Reached skill level 1 in Evocations
  2798 | D:5      | Entered Level 5 of the Dungeon
  2812 | D:5      | Reached skill level 5 in Fighting
  2994 | D:5      | Reached ** piety under Okawaru
  2995 | D:5      | Reached skill level 5 in Axes
  3001 | D:5      | Reached XP level 8. HP: 80/80 MP: 9/9
  3259 | D:6      | Noticed Dowan
  3261 | D:6      | Noticed Duvessa
  3270 | D:6      | Killed Duvessa
  3271 | D:6      | Killed Dowan
  3541 | D:6      | Found a shimmering altar of Xom.
  3716 | D:7      | Reached XP level 9. HP: 51/89 MP: 11/11
  3741 | D:7      | Reached *** piety under Okawaru
  3742 | D:7      | Reached skill level 5 in Throwing
  3792 | D:7      | Found a sand-covered staircase.
  3805 | Ossuary  | Entered an ossuary
  4036 | Ossuary  | Reached skill level 1 in Maces & Flails
  4495 | D:7      | Reached **** piety under Okawaru
  4591 | D:7      | Reached skill level 5 in Dodging
  4706 | D:7      | Noticed a two-headed ogre
  4715 | D:7      | Killed a two-headed ogre
  4716 | D:7      | Reached skill level 5 in Shields
  4716 | D:7      | Reached skill level 5 in Invocations
  4716 | D:7      | Reached XP level 10. HP: 102/102 MP: 13/13
  5351 | D:8      | Received a gift from Okawaru
  5356 | D:8      | Reached ***** piety under Okawaru
  5387 | D:8      | Found a staircase to the Lair.
  5395 | D:8      | Found Izo Qiri's Assorted Antiques.
  5406 | D:8      | Bought a sedimented brown potion for 26 gold pieces
  5406 | D:8      | Bought a curved iron wand for 116 gold pieces
  5740 | D:8      | Received a gift from Okawaru
  5776 | D:8      | Reached XP level 11. HP: 111/111 MP: 15/15
  6689 | D:9      | Noticed Maurice
  6700 | D:9      | Killed Maurice
  6764 | D:10     | Entered Level 10 of the Dungeon
  6787 | D:10     | Noticed a two-headed ogre
  6798 | D:10     | Killed a two-headed ogre
  6857 | D:10     | Received a gift from Okawaru
  7169 | D:10     | Reached skill level 5 in Evocations
  7185 | D:10     | Received a gift from Okawaru
  7361 | D:10     | Noticed Snorg
  7377 | D:10     | Slain by Snorg

Illustrated notes

Levels and vault maps discovered:
D:1:      ebering_trefoil_3fold, layout_basic, st_stairs_14, serial_bayou_ford_a
D:2:      layout_basic, hangedman_decor_growths, minmay_close_crescents
D:3:      layout_rooms, mainiacjoe_overflow_concentric_impassable,
          mainiacjoe_overflow_paths, shapermc_ecumenical_altar_acropolis,
          chequers_serial_rivers_micro_b
D:4:      layout_basic, riverfiend_overflow_shadow_ancestor,
          minmay_temple_entry_glass, uniq_sigmund
D:5:      layout_gridville
D:6:      layout_basic, xom_teletrap_fun, uniq_duvessa
D:7:      layout_loops_ring, enter_ossuary_3, roderic_batcave
D:8:      layout_layer_cave, minmay_lair_entry_grove, serial_shops,
          nicolae_lakefront_shop, serial_ice, serial_ice_o, serial_ice_d,
          serial_ice_k, serial_ice_a
D:9:      layout_loops_ring, nicolae_wwwww, uniq_maurice
D:10:     layout_irregular_city, led_sif_pool, uniq_snorg
Temple:   nicolae_temple_elliptical

Skill      XL: |  1  2  3  4  5  6  7  8  9 10 11 |
---------------+----------------------------------+-----
Dodging        | 3 4 5 6 |  6.3
Fighting       | 3 4 5 6 7 8 |  8.9
Axes           | 4 5 6 7 8 |  8.3
Shields        | 1 2 3 5 6 7 |  7.1
Invocations    | 1 2 3 5 6 |  6.7
Throwing       | 3 4 5 6 7 |  7.1
Stealth        | 1 2 |  2.9
Evocations     | 1 2 3 4 5 |  5.0
Maces & Flails | 1 |  1.4

Action                     |  1- 3 |  4- 6 |  7- 9 | 10-12 || total
---------------------------+-------+-------+-------+-------++-------
  Melee: War axe           |     9 |       |       |    75 ||    84
         Broad axe         |    57 |    80 |   178 |   227 ||   542
         Whip              |       |       |   152 |       ||   152
         Unarmed           |       |       |       |     1 ||     1
  Throw: Stone             |     2 |    13 |    29 |     9 ||    53
         Dart              |       |     3 |    18 |    11 ||    32
         Boomerang         |       |     1 |    20 |    49 ||    70
 Invoke: Heroism           |       |       |     6 |     5 ||    11
  Evoke: Wand              |       |       |       |     6 ||     6
    Use: Scroll            |     2 |     1 |     1 |     3 ||     7
         Potion            |     1 |       |       |       ||     1
   Stab: Sleeping          |     6 |     5 |    23 |     7 ||    41
         Invisible         |       |       |       |     5 ||     5
 Armour: Robe              |    14 |    18 |    47 |    61 ||   140
  Dodge: Dodged            |    24 |    19 |    69 |   109 ||   221
  Block: Tower shield      |    17 |    41 |   216 |   255 ||   529
